 Dungeon Crawl Stone Soup version 0.28-a0-662-g1651b1f1e0 (webtiles) character file.

Game seed: 2725127785380447924

5985 serber55 the Frost Mage (level 10, -9/77 HPs)
             Began as a Merfolk Ice Elementalist on Oct 4, 2021.
             Was a Priest of the Shining One.
             Mangled by a phantasmal warrior (30 damage)
             ... led by a death knight
             ... on level 8 of the Dungeon on Oct 14, 2021.
             The game lasted 00:39:11 (10956 turns).

serber55 the Frost Mage (Merfolk Ice Elementalist) Turns: 10956, Time: 00:39:12

Health: -9/77      AC: 15    Str: 10    XL:     10   Next: 85%
Magic:  12/20      EV: 13    Int: 25    God:    the Shining One [***...]
Gold:   269        SH:  0    Dex: 14    Spells: 8/22 levels left

rFire   . . .      SeeInvis .   l - +0 spear (elec)
rCold   . . .      Faith    .   (no shield)
rNeg    + . .      Spirit   .   d - +2 robe of the Hidden Interlopers {Int+2}
rPois   .          Reflect  .   (no helmet)
rElec   .          Harm     .   (no cloak)
rCorr   .          Rampage  .   k - +1 pair of gloves
Will    .....                   (no boots)
Stlth   +.........              s - amulet of magic regeneration
HPRegen 0.22/turn               m - +4 ring of slaying
MPRegen 0.42/turn               r - +6 ring of intelligence

@: mighty, ice-armoured, weak-willed, freezing walls, glowing
A: (nimble swimmer 2), mertail
a: Renounce Religion, Divine Shield


You were on level 8 of the Dungeon.
You worshipped the Shining One.
The Shining One was most pleased with you.
You visited 2 branches of the dungeon, and saw 12 of its levels.

You collected 456 gold pieces.
You spent 187 gold pieces at shops.

Inventory:

Hand Weapons
 l - a +0 spear of electrocution (weapon)
Missiles
 c - 7 boomerangs (quivered)
Armour
 d - the +2 robe of the Hidden Interlopers (worn) {Int+2}
   (You found it on level 10 of the Dungeon)

   Int:       It affects your intelligence (+2).
 i - a +2 buckler
 k - a +1 pair of gloves (worn)
Jewellery
 e - a ring of willpower
 m - a +4 ring of slaying (left hand)
 n - a +6 ring of strength
 r - a +6 ring of intelligence (right hand)
 s - an amulet of magic regeneration (around neck)
 t - a +4 ring of protection
Wands
 b - a wand of flame (14)
 q - a wand of paralysis (14)
Scrolls
 a - a scroll of amnesia
 g - a scroll of vulnerability
 u - a scroll of noise
 w - 2 scrolls of magic mapping {unknown}
 x - a scroll of brand weapon
 y - a scroll of identify
Potions
 f - a potion of brilliance
 h - 2 potions of flight
 j - 2 potions of resistance
 o - 3 potions of haste
 p - a potion of might
 v - a potion of magic {unknown}
 z - 2 potions of cancellation {unknown}


   Skills:
 + Level 6.4 Fighting
 - Level 6.0 Polearms
 - Level 3.5 Dodging
 - Level 2.1 Stealth
 + Level 6.8 Spellcasting
 + Level 4.8 Conjurations
 * Level 11.9 Ice Magic
 - Level 2.0 Air Magic


You had 8 spell levels left.
You knew the following spells:

 Your Spells              Type           Power      Damage    Failure   Level
a - Freeze                Ice            100%       1d11      1%          1
b - Frozen Ramparts       Ice            100%       1d12      1%          3
c - Ozocubu's Armour      Ice            61%        N/A       1%          3
d - Hailstorm             Conj/Ice       50%        3d11      2%          4
e - Swiftness             Air            18%        N/A       9%          3

Your spell library contained the following spells:

 Spells                   Type           Power      Damage    Failure   Level
 Shock                    Conj/Air       100%       1d9       1%          1
 Foxfire                  Conj/Fire      80%        2x1d8     2%          1
 Animate Skeleton         Necr           16%        N/A       7%          1
 Pain                     Necr           32%        1d5       7%          1
 Corpse Rot               Necr/Air       N/A        N/A       7%          2
 Poisonous Vapours        Pois/Air       26%        N/A       7%          2
 Conjure Flame            Conj/Fire      20%        6-21      8%          3
 Inner Flame              Hex/Fire       8%         N/A       21%         3
 Vampiric Draining        Necr           4%         2d6       21%         3
 Flame Wave               Conj/Fire      20%        3d6       26%         4
 Airstrike                Air            9%         N/A       30%         4


Dungeon Overview and Level Annotations

Branches:
Dungeon (11/15)            Temple (1/1) D:4            Lair (0/6) D:10
    Orc: D:9-12

Altars:
Ashenzari
Cheibriados
Fedhas
Gozag
Kikubaaqudgha
Nemelex Xobeh
Okawaru
Qazlal
Ru
Trog
Uskayaw
Vehumet
Wu Jian
Xom
Yredelemnul
Zin
The Shining One

Shops:
D:2 [


Innate Abilities, Weirdness & Mutations

((You are quick and stealthy near water. (Stealth+, EV+, Speed+++)))
Your lower body shifts to a powerful aquatic tail in water.


Message History

You start resting.
You feel a little less mighty now.
You start resting.
A death knight comes into view. It is wielding a +0 glaive.
Casting: Hailstorm (dangerous; 2% risk of failure)
Confirm with . or Enter, or press ? or * to list all spells.
Casting: Frozen Ramparts (safe; 1% risk of failure)
Press: ? - help, Dir - look around, f - activate This square is lit by a halo.
The walls around you are covered in ice.
The death knight mumbles some strange prayers to Yredelemnul against you.
Your body is wracked with pain!
Unknown command.
Casting: Frozen Ramparts (safe; 1% risk of failure)
Confirm with . or Enter, or press ? or * to list all spells.
A film of ice covers your body!
The death knight offers itself to Yredelemnul, and fills with unholy energy.
You feel very mighty all of a sudden.
The phantasmal warrior completely resists.
The wall freezes the phantasmal warrior but does no damage.
You feel much better.
The phantasmal warrior completely resists.
The wall freezes the phantasmal warrior but does no damage.
The phantasmal warrior hits you!
Your willpower is stripped away!
The wall freezes the death knight!
The death knight hits you from afar with a +0 glaive!
The death knight reflects your damage back at you!
Casting: Ozocubu's Armour (safe; 1% risk of failure)
Confirm with . or Enter, or press ? or * to list all spells.
Casting: Hailstorm (dangerous; 2% risk of failure)
Press: ? - help, Dir - look around, f - activate A cannonade of hail descends around you!
The hail pelts the death knight!
The death knight is moderately wounded.
The death knight reflects your damage back at you!
* * * LOW HITPOINT WARNING * * *
The phantasmal warrior resists.
The wall freezes the phantasmal warrior.
The phantasmal warrior hits you!!
You die...

.#.# #...##.######..### .≈#
...# #.#.###.........<###.≈##
.#.# #...##.#####.........≈≈.
...#####.#.#.##
#.........§#≈≈
.#.......##.######..........#
####..##.##..........W......#
#.....##.#.....###........W.#
####.##.......pW♣###...[..).#
#.##.######♣.@♣ ###......#
#....#♣♣♣♣♣#♣...♣ #....W.#
#...##♣....♣#♣...♣##.......
#...#♣.....⌠♣ ....♣#...##..#
#..##♣...._.♣ ....♣##.)# ###
####..#♣♣.....⌠♣ .....♣#..#
#...^.#♣......♣# .....♣#..
......#♣.....♣# .....♣#..
#.###.#♣.....♣


You could see a death knight (reflects damage) and a phantasmal warrior.

Vanquished Creatures
  The ghost of Maimakterion the Magician, a novice DsFE of Sif Muna (D:7)
  A phantasmal warrior (D:8)
  3 slime creatures (D:7)
  A manticore (D:11)
  Psyche (D:10)
  3 yaks (D:8)
  A wyvern (D:11)
  A wraith (D:8)
  A steam dragon (D:6)
  A water moccasin (D:7)
  An ice beast (D:7)
  3 orc warriors
  A black bear (D:8)
  2 necrophages
  5 ogres
  5 centaurs
  2 phantoms
  A bullfrog (D:7)
  A wyvern zombie (D:9)
  2 scorpions
  2 water moccasin skeletons (D:6)
  3 wights (D:6)
  A centaur zombie (D:7)
  3 jellies
  2 hounds (D:7)
  2 orc priests (D:6)
  2 centaur skeletons (D:7)
  A bullfrog skeleton (D:6)
  2 orc wizards
  A statue (D:7)
  3 howler monkey zombies
  5 adders
  A shadow imp (D:6)
  2 white imps
  An adder zombie (D:5)
  4 worms
  9 dart slugs
  22 orcs
  5 ball pythons
  5 bats
  2 endoplasms
  2 giant cockroaches
  15 goblins
  7 hobgoblins
  6 jackals
  4 quokkas
  A frilled lizard (D:1)
  8 kobolds
  4 rats
162 creatures vanquished.

Notes
Turn   | Place    | Note
-------+----------+-------------------------------------------
     0 | D:1      | serber55 the Merfolk Ice Elementalist began the quest for
                  | the Orb.
     0 | D:1      | Reached XP level 1. HP: 13/13 MP: 3/3
   395 | D:1      | Reached XP level 2. HP: 19/19 MP: 0/5
   462 | D:1      | Found a faded altar of an unknown god.
   916 | D:1      | Reached XP level 3. HP: 22/24 MP: 2/6
   981 | D:1      | Learned a level 3 spell: Frozen Ramparts
   996 | D:1      | Reached skill level 5 in Ice Magic
  1539 | D:2      | Found Fameduest's Antique Armour Shoppe.
  2338 | D:2      | Reached XP level 4. HP: 29/30 MP: 7/7
  2518 | D:3      | Reached skill level 1 in Polearms
  2612 | D:3      | Learned a level 3 spell: Ozocubu's Armour
  2840 | D:3      | Found a sparkling altar of Nemelex Xobeh.
  2871 | D:3      | Found a broken altar of Ashenzari.
  3467 | D:4      | Noticed an ogre
  3477 | D:4      | Killed an ogre
  3478 | D:4      | Reached skill level 6 in Ice Magic
  3478 | D:4      | Reached XP level 5. HP: 35/35 MP: 0/9
  3810 | D:4      | Reached XP level 6. HP: 41/41 MP: 3/10
  4004 | D:4      | Found a staircase to the Ecumenical Temple.
  4009 | Temple   | Entered the Ecumenical Temple
  4176 | Temple   | Became a worshipper of the Shining One
  4241 | D:4      | Noticed a necrophage
  4247 | D:4      | Killed a necrophage
  4248 | D:4      | Reached skill level 7 in Ice Magic
  4251 | D:4      | Reached XP level 7. HP: 46/46 MP: 3/12
  4396 | D:4      | Learned a level 4 spell: Hailstorm
  4615 | D:5      | Entered Level 5 of the Dungeon
  4790 | D:5      | Found an ornate altar of the Wu Jian Council.
  4935 | D:5      | Reached skill level 1 in Fighting
  5262 | D:5      | Reached skill level 5 in Polearms
  5262 | D:5      | Reached skill level 1 in Conjurations
  5595 | D:5      | Reached XP level 8. HP: 55/55 MP: 14/14
  5766 | D:6      | Reached * piety under the Shining One
  5767 | D:6      | Reached skill level 8 in Ice Magic
  6532 | D:6      | Learned a level 3 spell: Swiftness
  6823 | D:6      | HP: 1/58 [something (3)]
  6824 | D:6      | Reached skill level 9 in Ice Magic
  6824 | D:6      | Reached skill level 1 in Air Magic
  6824 | D:6      | Reached XP level 9. HP: 1/64 MP: 12/16
  7076 | D:6      | Reached ** piety under the Shining One
  7160 | D:6      | Reached skill level 5 in Spellcasting
  7454 | D:6      | You fall into a shaft and drop 1 floor!
  7653 | D:7      | Found a radiant altar of Vehumet.
  8039 | D:7      | Killed a large slime creature
  8465 | D:7      | Found a large runed translucent door.
  8465 | D:7      | Found a large runed translucent door.
  8467 | D:7      | Noticed Maimakterion's ghost (novice DsFE)
  8567 | D:7      | Reached skill level 10 in Ice Magic
  8956 | D:7      | Killed Maimakterion's ghost
  8957 | D:7      | Reached skill level 5 in Fighting
  8957 | D:7      | Reached XP level 10. HP: 66/74 MP: 15/19
  9154 | D:2      | Bought a shiny buckler for 187 gold pieces
  9517 | D:8      | Noticed a phantasmal warrior
  9778 | D:8      | Upgraded the game from 0.28-a0-595-g9f6c0e134a to
                  | 0.28-a0-662-g1651b1f1e0
  9795 | D:8      | Reached skill level 11 in Ice Magic
  9925 | D:8      | You fall into a shaft and drop 3 floors!
  9934 | D:11     | Reached *** piety under the Shining One
  9947 | D:11     | Noticed a manticore
  9956 | D:11     | Killed a manticore
  9966 | D:10     | Entered Level 10 of the Dungeon
  9966 | D:10     | Noticed a two-headed ogre
  9966 | D:10     | Found a staircase to the Lair.
  9986 | D:10     | Found a stormy altar of Qazlal.
 10019 | D:10     | Identified the +2 robe of the Hidden Interlopers {Int+2}
 10058 | D:10     | Noticed Psyche
 10125 | D:10     | Killed Psyche
 10635 | D:8      | Found a basalt altar of Yredelemnul.
 10726 | D:8      | Killed a phantasmal warrior
 10791 | D:8      | Noticed a phantasmal warrior
 10950 | D:8      | Noticed a death knight
 10956 | D:8      | Mangled by a phantasmal warrior

Illustrated notes

Levels and vault maps discovered:
D:1:      minmay_arrival_wavy_path, layout_loops_ring,
          hellmonk_ecumenical_altar_pennies_from_heaven
D:2:      layout_basic, serial_shops, nicolae_shop_waterfront
D:3:      kennysheep_slugbush, layout_basic, mainiacjoe_overflow_brackets,
          nicolae_overflow_crystal_walls, patterned_corridor
D:4:      layout_rooms, temple_doors_cd
D:5:      layout_basic, general_overflow_altar, serial_glass, glass_columns_a,
          glass_columns_a, glass_columns_c, glass_columns_a, glass_columns_a
D:6:      layout_loops_ring, chequers_serial_rivers_room_a
D:7:      layout_loops_ring, vehumet_statue, nicolae_overflow_hidden_temple,
          ebering_ghost_disaster_area, serial_glass, glass_columns_c,
          glass_columns_a, item_on_display_a, item_on_display_a,
          feat_on_display, due_unseen_surprise
D:8:      layout_loops_ring, kennysheep_ying_yang, serial_rivers,
          chequers_serial_rivers_large_b, chequers_serial_rivers_small_3,
          chequers_serial_rivers_micro_d, chequers_serial_rivers_small_a
D:9:      layout_stronghold, amcnicky_altar_gilded, minmay_misc_feat_plants,
          guppyfry_shop_venom
D:10:     layout_big_octagon, demons_altar, nicolae_qazlal_general_emergency,
          enter_trove_6, kennysheep_just_a_vault, uniq_psyche
D:11:     layout_irregular_city
Temple:   minmay_temple_curvy_loop

Skill      XL: |  1  2  3  4  5  6  7  8  9 10 |
---------------+-------------------------------+-----
Dodging        | 3 |  3.5
Ice Magic      | 5 6 7 9 10 11 | 11.9
Polearms       | 2 3 4 5 6 |  6.0
Spellcasting   | 3 4 6 |  6.8
Fighting       | 1 3 5 6 |  6.4
Conjurations   | 1 2 4 |  4.8
Air Magic      | 1 2 |  2.0
Stealth        | |  2.1

Action                   |  1- 3 |  4- 6 |  7- 9 | 10-12 || total
-------------------------+-------+-------+-------+-------++-------
Melee: Unarmed           |    14 |       |       |       ||    14
       Short sword       |    57 |       |       |       ||    57
       Spear             |    22 |    74 |   181 |    45 ||   322
       Tailslap          |       |     3 |       |       ||     3
Throw: Boomerang         |     4 |     4 |     1 |       ||     9
 Cast: Freeze            |    35 |    25 |     1 |     1 ||    62
       Frozen Ramparts   |     1 |     8 |    18 |     7 ||    34
       Ozocubu's Armour  |       |     6 |     6 |     7 ||    19
       Hailstorm         |       |       |     4 |     9 ||    13
Evoke: Wand              |       |     5 |     1 |       ||     6
  Use: Scroll            |       |     7 |     4 |     2 ||    13
       Potion            |       |       |     5 |     3 ||     8
 Stab: Sleeping          |     4 |     5 |       |       ||     9
       Distracted        |       |     1 |       |       ||     1
Armor: Robe              |    25 |    12 |    27 |     5 ||    69
Dodge: Dodged            |    98 |    32 |    92 |    19 ||   241

Table legend: (Time is in decaauts)
 A = Elapsed time spent in this place.
 B = Non-inter-level travel time spent in this place.
 C = Inter-level travel time spent in this place.
 D = Time resting spent in this place.
 E = Time spent auto-exploring this place.
 F = Levels seen in this place.
 G = Mean time per level.
                   A        B        C        D        E       F      G
               +--------+--------+--------+--------+--------+-----+--------+
         Total |  10870 |  10345 |    525 |   2586 |   6134 |  12 |  905.8 |
       Dungeon |  10687 |  10178 |    509 |   2586 |   6008 |  11 |  971.5 |
        Temple |    183 |    167 |     16 |      0 |    125 |   1 |  183.0 |
               +--------+--------+--------+--------+--------+-----+--------+

Top non-repeatable levels by time:
     D:6: 1934 daAuts
     D:7: 1629 daAuts
     D:1: 1424 daAuts
     D:5: 1189 daAuts
     D:3: 1094 daAuts
     D:8: 1052 daAuts
     D:2: 1004 daAuts
     D:4: 995 daAuts
    D:10: 266 daAuts
  Temple: 183 daAuts
    D:11: 52 daAuts
     D:9: 43 daAuts
